Construct Infanterie Kompanie
Selects Luftwaffe Battlegroup
Selects Fallschirmpioneer Squad Paradrop
Fallschirmpioneer Squad Paradrop
Construct Luftwaffe Kompanie
Fallschirmpioneer Squad Paradrop
Selects Stuka Strafing Run
Marder III M Tank Destroyer
Marder III M Tank Destroyer
Selects Fallschirmjäger Squad Paradrop
Fallschirmjäger Squad Paradrop
Selects Fragmentation Bombs
Fallschirmjäger Squad Paradrop
Selects LG40 Recoilless Launcher Paradrop
Selects Flak 36 Anti-tank Gun Emplacement
Construct Panzer Kompanie
Construct Panzergrenadier Kompanie